 Dungeon Crawl Stone Soup version 0.30.1-3-gfc49f6343a (webtiles) character file.

Game seed: 6950007145699933374

201 GeoRichter the Cutter (level 5, 0/35 HPs)
             Began as a Demonspawn Enchanter on July 26, 2023.
             Slain by a white imp (5 damage)
             ... on level 3 of the Dungeon.
             The game lasted 00:04:07 (2818 turns).

GeoRichter the Cutter (Demonspawn Enchanter)        Turns: 2818, Time: 00:04:08

Health: 0/35       AC:  2    Str:  9    XL:     5   Next: 50%
Magic:  8/8        EV: 12    Int: 18    God:
Gold:   112        SH:  0    Dex: 13    Spells: 2/8 levels left

rFire   . . .        a - +1 dagger
rCold   . . .        (no shield)
rNeg    . . .        b - +0 robe
rPois   .            (no helmet)
rElec   .            (no cloak)
rCorr   .            (no gloves)
SInv    .            (no boots)
Will    .....        (no amulet)
Stlth   ++           (no ring)
HPRegen 0.25/turn    (no ring)
MPRegen 0.11/turn

%: no passive effects
@: no status effects
A: weakness stinger 2
a: no special abilities


You were on level 3 of the Dungeon.
You visited 1 branch of the dungeon, and saw 3 of its levels.

You collected 112 gold pieces.

Inventory:

Hand Weapons
 a - a +1 dagger (weapon)
Missiles
 g - a datura-tipped dart
Armour
 b - a +0 robe (worn)
Jewellery
 o - a +6 ring of strength
   (You found it on level 2 of the Dungeon)
 q - an amulet of magic regeneration
   (You found it on level 3 of the Dungeon)
Scrolls
 d - a scroll of enchant armour {unknown}
 f - 5 scrolls of identify {unknown}
 k - a scroll of teleportation {unknown}
 m - a scroll of vulnerability {unknown}
 n - a scroll of enchant weapon {unknown}
 p - a scroll of acquirement {unknown}
 s - a scroll of silence {unknown}
 t - a scroll of amnesia {unknown}
Potions
 c - a potion of invisibility
 e - 3 potions of curing {@q1}
 h - a potion of magic {unknown}
 i - 2 potions of resistance {unknown}
 j - a potion of attraction {unknown}
 l - a potion of heal wounds {unknown}
 r - a potion of degeneration {unknown}


   Skills:
 * Level 4.1 Short Blades
 - Level 1.7 Dodging
 - Level 3.6 Stealth
 - Level 2.0 Spellcasting
 + Level 3.4 Hexes


You had 2 spell levels left.
You knew the following spells:

 Your Spells              Type           Power      Damage    Failure   Level
a - Confusing Touch       Hex            14%        N/A       13%         3
b - Tukima's Dance        Hex            14%        N/A       13%         3

Your spell library contained the following spells:

 Spells                   Type           Power      Damage    Failure   Level
 Ensorcelled Hibernation  Hex/Ice        16%        N/A       14%         2
 Lesser Beckoning         Tloc           2%         N/A       26%         2
 Dazzling Flash           Conj/Hex       16%        N/A       26%         3
 Gell's Gravitas          Tloc           1%         N/A       47%         3
 Teleport Other           Tloc           1%         N/A       47%         3
 Vhi's Electric Charge    Tloc/Air       2%         N/A       47%         3
 Summon Mana Viper        Hex/Summ       8%         N/A       94%         5
 Arcjolt                  Conj/Air       0%         1d10      99%         5
 Summon Forest            Summ/Tloc      0%         N/A       99%         5
 Dispersal                Tloc           0%         N/A       100%        6
 Plasma Beam              Fire/Air       0%         2x1d11    100%        6
 Summon Cactus Giant      Summ           0%         N/A       100%        6


Dungeon Overview and Level Annotations

Branches:
Dungeon (3/15) Zot: 15210

Altars:


Innate Abilities, Weirdness & Mutations

You have a tail ending in a sharp stinger.


Message History

The worm is almost dead.
You hit the worm.
You kill the worm!
You see here a worm corpse.
You pick up a book of the Wilderness and begin reading...
You add the spells Summon Forest, Summon Mana Viper and Summon Cactus Giant to your library.
There is a stone staircase leading up here.
Found a scroll labelled JOAH PIRAH.
A white imp comes into view.
Found 9 gold pieces.
You hit the white imp but do no damage. The white imp barely misses you.
You closely miss the white imp.
The white imp hits you but does no damage.
You closely miss the white imp. The white imp hits you.
The white imp freezes you.
You hit the white imp but do no damage. You hit the white imp but do no damage.
The white imp misses you.
You hit the white imp but do no damage. The white imp closely misses you.
You barely miss the white imp. The white imp barely misses you.
You hit the white imp.
Your tail-slap misses the white imp.
The white imp is lightly wounded.
The white imp closely misses you.
You hit the white imp but do no damage.
The white imp is lightly wounded.
You barely miss the white imp.
The white imp is lightly wounded.
The white imp closely misses you.
You hit the white imp but do no damage.
The white imp is lightly wounded.
The white imp gestures at you. The puff of frost hits you!
You hit the white imp but do no damage. Your punch misses the white imp.
The white imp is lightly wounded.
The white imp gestures at you. The puff of frost hits you!
* * * LOW HITPOINT WARNING * * *
You hit the white imp.
The white imp is moderately wounded.
The white imp gestures at you. The puff of frost hits you!
* * * LOW HITPOINT WARNING * * *
You hit the white imp.
You tail-slap the white imp, but do no damage.
The white imp is heavily wounded.
You closely miss the white imp. Your punch misses the white imp.
The white imp is heavily wounded.
The white imp hits you.
* * * LOW HITPOINT WARNING * * *
The white imp freezes you.
You die...

#.#### # ##..... ..
....... .## $...... ...
.......##.# ...#'#....#
.....?.5..# ####
.......@..# # #...
..........##.########.[.
...................))...
...######.##.########...
.. #.##.# #†.. .
#.##.########...
#...............
#...............
##..............


You could see a white imp.

Vanquished Creatures
  An orc priest (D:3)
  Jessica (D:3)
  Natasha (twice) (D:3)
  3 adders (D:2)
  2 worms
  2 dart slugs (D:2)
  6 orcs
  3 ball pythons
  5 bats
  An endoplasm (D:2)
  4 giant cockroaches (D:1)
  5 hobgoblins
  7 kobolds
  2 quokkas (D:2)
  2 frilled lizards
  4 goblins
  4 rats
54 creatures vanquished.

Notes
Turn   | Place    | Note
-------+----------+-------------------------------------------
     0 | D:1      | GeoRichter the Demonspawn Enchanter began the quest for the
                  | Orb.
     0 | D:1      | Reached XP level 1. HP: 13/13 MP: 3/3
    16 | D:1      | Reached skill level 1 in Short Blades
   263 | D:1      | Gained mutation: You have a small tail. [demonic ancestry]
   263 | D:1      | Reached XP level 2. HP: 18/19 MP: 5/5
   949 | D:2      | Reached skill level 2 in Short Blades
  1092 | D:2      | Gained mutation: You have a tail ending in a sharp stinger.
                  | [demonic ancestry]
  1092 | D:2      | Reached XP level 3. HP: 11/24 MP: 6/6
  1874 | D:2      | Reached skill level 3 in Short Blades
  1874 | D:2      | Reached XP level 4. HP: 30/30 MP: 7/7
  2020 | D:3      | Noticed Natasha
  2021 | D:3      | Killed Natasha
  2049 | D:2      | Learned a level 3 spell: Confusing Touch
  2053 | D:2      | Learned a level 3 spell: Tukima's Dance
  2308 | D:3      | Noticed Jessica
  2343 | D:3      | Killed Jessica
  2470 | D:3      | Reached XP level 5. HP: 32/35 MP: 5/8
  2654 | D:3      | Noticed Natasha
  2663 | D:3      | Killed Natasha
  2664 | D:3      | Reached skill level 4 in Short Blades
  2818 | D:3      | Slain by a white imp

Illustrated notes

Levels and vault maps discovered:
D:1:      saegor_arrival_simple_e, layout_basic, st_stairs_11
D:2:      minmay_chambers_of_twos, layout_basic, minmay_tetromino_t2
D:3:      layout_basic, corexii_hall_statues_i, uniq_natasha, uniq_jessica,
          uniq_crazy_yiuf_cottage

Skill      XL: |  1  2  3  4  5 |
---------------+----------------+-----
Short Blades   | 1 2 3 4 |  4.1
Stealth        | 3 |  3.6
Dodging        | |  1.7
Spellcasting   | |  2.0
Hexes          | |  3.4

Action                     |  1- 3 |  4- 6 || total
---------------------------+-------+-------++-------
  Melee: Dagger            |   121 |    95 ||   216
         Tailslap          |     8 |    11 ||    19
  Throw: Dart              |     2 |       ||     2
   Cast: Tukima's Dance    |       |     3 ||     3
    Use: Potion            |     2 |     1 ||     3
   Stab: Sleeping          |     7 |     3 ||    10
         Invisible         |       |     2 ||     2
         Distracted        |       |     1 ||     1
 Armour: Robe              |    26 |    19 ||    45
  Dodge: Dodged            |    60 |    53 ||   113
